Map: Bone Temple LE

Players

ABACABB - Winner!

  • Race: Terran Terran
  • League: Platinum
  • Spawn Location: 3:00

Ninsoma - Winner!

  • Race: Zerg Zerg
  • League: Platinum
  • Spawn Location: 12:00

Terror - Winner!

  • Race: Terran Terran
  • League: Platinum
  • Spawn Location: 1:00

Hyperion

  • Race: Protoss Protoss
  • Spawn Location: 6:00

Wickman

  • Race: Protoss Protoss
  • Spawn Location: 7:00

Jorgito

  • Race: Protoss Protoss
  • Spawn Location: 7:00

VOD

Have the link to the VOD?

Description

Time

  • Played on: July 22, 2019, 6:14 p.m.
  • Length: 22:51
Show
View Real Time Build Order
Export as new Build Order

ABACABB Terran - Winner!

Build Orders:  

Get SALT Encoding   

  12  0:01  SCV  
  13  0:13  SCV  
  14  0:19  Supply Depot  
  14  0:25  SCV  
  15  0:32  Refinery  
  15  0:41  SCV  
  16  0:46  Barracks  
  16  0:53  SCV  
  17  1:04  Supply Depot  
  17  1:06  SCV  
  18  1:18  SCV  
  19  1:30  SCV  
  20  1:36  Barracks Reactor  
  20  1:42  SCV  
  21  1:55  Command Center  
  21  2:00  SCV  
  22  2:12  Orbital Command  
  22  2:14  Marine x2  
  24  2:21  Refinery  
  24  2:33  Factory  
  24  2:35  Marine x2  
  26  2:38  SCV  
  27  2:50  SCV  
  28  2:56  Marine  
  28  2:57  Marine  
  30  3:04  Barracks  
  30  3:07  SCV  
  30  3:09  Orbital Command  
  31  3:16  Marine x2  
  33  3:21  SCV  
  33  3:22  Factory Tech Lab  
  33  3:26  Orbital Command  
  34  3:32  Barracks  
  34  3:33  SCV  
  35  3:35  Marine  
  36  3:42  Siege Tank  
  39  3:50  SCV  
  39  3:51  Marine  
  41  4:00  SCV  
  41  4:02  SCV  
  43  4:04  Engineering Bay  
  43  4:09  Barracks Tech Lab  
  43  4:14  SCV x2  
  45  4:18  Refinery  
  45  4:27  Supply Depot  
  45  4:31  Combat Shield, Supply Depot  
  45  4:35  Barracks Reactor  
  45  4:46  Refinery  
  45  4:48  Terran Infantry Weapons Level 1  
  45  4:49  Siege Tank  
  45  4:52  Missile Turret  
  48  4:58  SCV x2  
  48  4:59  Missile Turret  
  50  5:04  Missile Turret  
  50  5:07  Missile Turret  
  50  5:08  Marine x2  
  50  5:10  SCV x2, Marine  
  50  5:14  Marine x2  
  56  5:21  Siege Tank  
  60  5:22  SCV  
  60  5:23  SCV  
  62  5:39  Command Center  
  62  5:45  Marine x3  
  62  5:47  Missile Turret  
  62  5:49  Missile Turret  
  65  5:58  Marine x2  
  65  6:03  Stimpack  
  66  6:18  Marine x4  
  70  6:28  Supply Depot x3  
  70  6:34  Missile Turret  
  70  6:44  Starport  
  70  6:49  Siege Tank, SCV x2, Marine x3  
  70  6:50  Marine  
  78  7:10  Marine  
  78  7:11  Marine x3  
  78  7:12  Marine  
  83  7:21  Siege Tank  
  86  7:23  Terran Infantry Armor Level 1  
  86  7:28  Armory  
  86  7:30  Marauder  
  86  7:32  SCV x2  
  86  7:34  Engineering Bay  
  88  7:49  Marine x3  
  88  7:50  Marine  
  90  7:51  SCV  
  90  7:52  SCV x2  
  92  8:11  Starport Reactor  
  92  8:14  Siege Tank, Marine x5  
  100  8:25  Terran Infantry Weapons Level 2  
  100  8:40  Marine x5  
  105  8:46  Siege Tank  
  108  8:53  Orbital Command  
  108  8:58  Marine  
  108  9:02  Supply Depot  
  109  9:03  Supply Depot  
  109  9:05  Supply Depot  
  109  9:06  Supply Depot  
  109  9:08  Supply Depot  
  109  9:19  Medivac x2, Marine x4  
  109  9:23  Siege Tank, Marine  
  121  9:26  Refinery  
  121  9:31  Refinery  
  121  9:32  Missile Turret, Terran Infantry Armor Level 2  
  121  9:36  Missile Turret  
  121  9:37  Marine x4  
  125  9:41  Marine  
  126  9:49  Medivac  
  128  9:55  Marine  
  129  10:01  Barracks  
  129  10:04  Barracks  
  129  10:05  Barracks  
  129  10:08  Starport  
  129  10:28  Siege Tank  
  132  10:33  SCV x3  
  135  10:38  Medivac x2, Marine x5  
  135  10:40  Command Center  
  144  10:45  Terran Infantry Weapons Level 3  
  142  10:55  Marine x5  
  142  10:57  Orbital Command  
  136  11:00  Siege Tank  
  108  11:06  Medivac, Marine x2  
  108  11:08  Medivac  
  87  11:13  Marine x5  
  90  11:24  Marine x2  
  92  11:28  SCV x3  
  92  11:31  Marine x5  
  92  11:32  Siege Tank  
  103  11:40  SCV  
  103  11:46  Starport Reactor  
  106  11:53  Barracks Tech Lab, Barracks Reactor  
  104  11:54  SCV  
  104  11:55  SCV x2  
  107  12:04  Siege Tank  
  107  12:07  SCV  
  111  12:10  Marine x2  
  111  12:11  Terran Infantry Armor Level 3, Medivac x2, Marine x4  
  121  12:22  SCV x3  
  124  12:28  Marine x3  
  127  12:30  Barracks  
  127  12:31  Barracks  
  127  12:33  Barracks  
  127  12:34  Refinery  
  127  12:35  Refinery  
  127  12:36  Siege Tank  
  128  12:41  Marine x5  
  133  12:46  Marine  
  98  13:12  Siege Tank, Medivac x2, Marine x8  
  103  13:22  Marine x2  
  103  13:23  Marine  
  105  13:29  Marine x5  
  109  13:44  Siege Tank, Medivac x2, Marine x6  
  109  13:47  Marine x2  
  123  13:51  Marine x3  
  123  14:01  Marine  
  123  14:02  SCV x3  
  124  14:08  Barracks Tech Lab x2, Barracks Reactor  
  119  14:13  Marine x5  
  119  14:14  Marine  
  119  14:15  Marine  
  119  14:16  Siege Tank  
  126  14:29  Medivac, Marine x3  
  131  14:31  Marine x3  
  131  14:36  Marine x3  
  136  14:48  Siege Tank  
  136  14:52  Marine x7  
  144  15:02  Marine x4  
  148  15:20  Siege Tank, Marine x6  
  157  15:29  Supply Depot  
  157  15:47  Marine  
  156  15:50  Medivac x2, Marine x5  
  165  15:57  Supply Depot  
  165  15:58  Supply Depot  
  165  16:19  Siege Tank, Marine x5  
  165  16:20  Medivac x2, Marine x4  
  181  16:29  Supply Depot  
  181  16:32  Supply Depot  
  181  16:36  Command Center  
  181  16:49  Terran Vehicle Weapons Level 1  
  181  16:50  Marine x7  
  181  16:53  Siege Tank  
  191  16:59  Marine x5  
  191  17:00  Medivac x2  
  196  17:08  Marine x2  
  170  17:15  Marine x3  
  137  17:16  Refinery  
  137  17:17  Refinery, Marine  
  137  17:21  Marine x2  
  137  17:26  Siege Tank  
  137  17:35  Marine x5  
  139  17:48  Marine x3  
  139  17:49  Marine  
  143  17:58  Siege Tank  
  142  18:08  Marine x5  
  142  18:09  Marine  
  148  18:17  Orbital Command  
  147  18:25  Medivac, Marine x5  
  154  18:29  Orbital Command  
  154  18:30  Siege Tank  
  157  18:43  Medivac, Marine x5  
  157  18:44  Marine  
  163  18:56  Marine x6  
  163  19:01  Marine  
  163  19:02  Siege Tank  
  160  19:12  Medivac, Marine x5  
  160  19:14  Marine  
  168  19:21  Marine x6  
  173  19:34  Siege Tank, SCV x3  
  179  19:40  Medivac, Marine x5  
  179  19:41  Marine  
  184  19:56  Medivac, Marine x6  
  184  19:58  Marine x3  
  195  20:06  Siege Tank  
  198  20:20  Marine x3  
  195  21:05  Marine x5  
  195  21:09  Refinery  
  195  21:10  Refinery  
  193  21:32  Medivac, Marine x5  
  200  21:49  Command Center  
Show
View Real Time Build Order
Export as new Build Order

Ninsoma Zerg - Winner!

Build Orders: Hatch First 

Get SALT Encoding   

  12  0:01  Drone  
  13  0:13  Overlord  
  13  0:20  Drone  
  14  0:31  Drone x2  
  16  0:38  Drone  
  17  0:54  Drone  
  18  1:02  Hatchery  
  17  1:04  Extractor  
  17  1:05  Drone  
  17  1:22  Spawning Pool  
  17  1:24  Drone  
  17  1:35  Drone x2  
  17  1:39  Drone  
  20  1:54  Drone  
  21  2:04  Drone  
  22  2:14  Queen  
  24  2:15  Queen  
  24  2:16  Metabolic Boost  
  24  2:20  Overlord  
  27  2:22  Drone  
  27  2:29  Drone  
  27  2:34  Drone  
  28  2:45  Drone x3  
  31  2:55  Lair  
  31  3:04  Hatchery  
  30  3:17  Spore Crawler  
  29  3:20  Spore Crawler  
  29  3:21  Drone x4  
  32  3:27  Overlord  
  32  3:33  Queen  
  34  3:35  Drone  
  34  3:38  Drone  
  36  3:46  Drone x3  
  39  3:49  Overlord  
  39  3:54  Drone  
  40  3:59  Overlord, Drone  
  40  4:00  Drone  
  42  4:05  Extractor  
  42  4:07  Hydralisk Den  
  40  4:10  Extractor  
  39  4:17  Queen  
  39  4:21  Drone x4  
  39  4:22  Drone  
  39  4:23  Drone  
  47  4:34  Evolution Chamber  
  47  4:35  Evolution Chamber  
  47  4:37  Extractor  
  44  4:40  Spore Crawler  
  44  4:41  Drone x3  
  44  4:42  Drone  
  44  4:43  Drone  
  44  4:45  Drone  
  49  4:52  Grooved Spines  
  49  4:54  Overlord  
  49  4:55  Drone  
  50  5:01  Zerg Missile Weapons Level 1  
  50  5:04  Zerg Ground Armor Level 1  
  50  5:16  Spore Crawler  
  49  5:22  Drone x3  
  49  5:23  Drone x4, Spore Crawler  
  55  5:34  Hydralisk x3  
  61  5:39  Spore Crawler  
  60  5:46  Hydralisk x2  
  56  5:58  Hydralisk Den  
  55  6:09  Spore Crawler  
  55  6:10  Spore Crawler  
  51  6:22  Spore Crawler  
  50  6:27  Hatchery  
  50  6:29  Spore Crawler  
  38  6:54  Spore Crawler  
  35  6:55  Queen, Spore Crawler  
  35  6:56  Hydralisk x4  
  44  7:02  Drone  
  44  7:03  Drone x2  
  44  7:05  Drone  
  48  7:16  Hydralisk x3  
  54  7:29  Extractor  
  53  7:30  Extractor  
  54  7:51  Muscular Augments  
  54  7:53  Queen  
  54  8:26  Drone x2  
  54  8:27  Drone x10  
  63  8:31  Hatchery  
  65  8:54  Hatchery  
  64  9:22  Overlord x4  
  64  9:43  Lair  
  64  9:48  Drone  
  64  9:49  Drone x11  
  76  9:59  Extractor  
  75  10:01  Extractor  
  74  10:10  Burrow  
  74  10:12  Queen  
  74  10:13  Queen  
  78  10:17  Drone x2  
  78  10:18  Drone x2  
  82  10:40  Hydralisk x2  
  82  10:41  Hydralisk x4  
  94  10:49  Pneumatized Carapace  
  94  10:50  Hydralisk  
  94  10:51  Hydralisk x7  
  94  10:52  Hydralisk  
  112  11:00  Infestation Pit  
  111  11:14  Zerg Missile Weapons Level 2, Zerg Ground Armor Level 2  
  111  11:37  Pathogen Glands  
  111  11:43  Overlord x6  
  111  11:44  Drone  
  112  12:10  Overlord  
  112  12:14  Infestor x3  
  112  12:15  Infestor x10  
  138  12:25  Zergling x2  
  138  12:26  Zergling x18  
  138  12:27  Zergling x8  
  124  14:03  Hydralisk  
  124  14:04  Hydralisk x20  
  124  14:05  Hydralisk  
  124  14:38  Drone  
  124  14:39  Drone x5  
  124  14:42  Hive  
  130  14:51  Drone  
  130  14:52  Drone x9  
  140  15:25  Hydralisk  
  140  15:26  Hydralisk x11  
  112  15:53  Infestor x2  
  112  15:54  Infestor x9  
  134  15:57  Zergling x4  
  136  16:19  Infestor x2  
  136  16:26  Adrenal Glands  
  136  16:27  Ultralisk Cavern  
  136  16:28  Zerg Ground Armor Level 3  
  135  16:56  Zergling x2  
  135  16:57  Zergling x28  
  135  16:58  Zergling x22  
  161  17:35  Infestor x3  
  167  17:37  Overlord x4  
  167  17:38  Overlord x2  
  165  18:00  Infestor x15  
  164  18:12  Hydralisk x12  
  118  18:45  Infestor  
  118  18:46  Infestor x5  
  103  19:14  Infestor x11  
  101  19:22  Infestor x3  
  107  19:26  Hydralisk x8  
  47  20:21  Hydralisk x3  
  47  20:53  Spore Crawler  
  47  20:54  Spore Crawler  
  45  21:05  Spore Crawler  
  45  21:09  Spore Crawler  
  45  21:10  Spore Crawler  
  42  21:11  Spore Crawler x3  
  42  21:13  Spore Crawler  
  42  21:15  Spore Crawler  
  42  21:17  Spore Crawler x2  
  35  21:23  Spore Crawler  
  34  21:29  Spore Crawler  
  34  21:30  Spore Crawler  
  34  21:32  Spore Crawler x2  
  31  21:33  Spore Crawler  
  31  21:34  Spore Crawler x2  
  31  21:37  Spore Crawler  
  26  21:43  Spore Crawler  
Show
View Real Time Build Order
Export as new Build Order

Terror Terran - Winner!

Build Orders: 1/1/1 

Get SALT Encoding   

  12  0:01  SCV  
  13  0:15  Supply Depot  
  13  0:18  SCV  
  14  0:26  Refinery  
  14  0:32  SCV  
  15  0:43  Barracks  
  15  0:47  SCV  
  16  0:59  SCV  
  16  1:01  Refinery  
  17  1:11  SCV  
  18  1:23  SCV  
  19  1:32  Factory  
  19  1:35  SCV  
  19  1:36  Barracks Tech Lab  
  20  1:47  SCV  
  20  1:51  Barracks  
  21  1:59  SCV  
  22  2:09  Stimpack  
  22  2:11  SCV  
  23  2:22  Starport  
  23  2:32  Supply Depot  
  23  2:36  Factory Reactor  
  23  2:44  Orbital Command  
  23  2:50  Barracks Reactor  
  23  2:54  Marine  
  24  3:01  Medivac  
  26  3:09  Barracks  
  26  3:11  SCV  
  27  3:14  Marine  
  28  3:21  Supply Depot  
  28  3:26  Marine  
  28  3:27  Marine  
  30  3:41  SCV, Supply Depot  
  31  3:42  Medivac  
  31  3:43  Marine  
  34  3:49  Marine x2  
  36  3:58  Marine  
  37  4:04  Marine  
  38  4:10  Marine x2  
  40  4:22  Marine  
  41  4:27  Marine x2  
  41  4:28  Marine  
  44  4:31  Supply Depot  
  44  4:32  Marine  
  44  4:33  Engineering Bay  
  45  4:59  SCV  
  46  5:02  Command Center  
  46  5:11  SCV  
  47  5:23  SCV  
  48  5:28  Engineering Bay  
  48  5:29  Terran Infantry Weapons Level 1  
  48  5:31  Refinery  
  48  5:37  Refinery  
  34  6:27  Marine x4  
  34  6:28  Marauder  
  34  6:30  Starport Reactor  
  35  6:42  SCV  
  35  6:44  Orbital Command  
  35  6:49  Factory Tech Lab  
  35  6:50  Combat Shield  
  35  6:54  Terran Infantry Armor Level 1  
  35  6:58  Armory  
  35  7:03  Marine x2  
  35  7:04  Marauder, Marine x2  
  41  7:12  Siege Tank  
  41  7:13  Medivac  
  41  7:14  Factory  
  41  7:15  SCV  
  47  7:37  Marine x4  
  47  7:39  Marauder  
  53  7:45  Medivac x2  
  53  7:47  Siege Tank  
  53  7:50  SCV x2  
  62  7:54  Terran Infantry Weapons Level 2  
  62  7:57  Supply Depot  
  62  8:02  SCV x2  
  62  8:03  Marine x3  
  67  8:07  Marauder  
  66  8:55  SCV x2  
  68  8:56  Medivac x2  
  68  8:58  Factory Tech Lab, Siege Tank  
  68  8:59  Marine x3  
  78  9:05  Supply Depot  
  78  9:06  Terran Infantry Armor Level 2  
  78  9:07  Command Center  
  78  9:20  Starport  
  78  9:27  Marauder, Marine  
  67  9:41  SCV x2  
  67  9:42  Marine x3  
  67  9:44  Siege Tank x2  
  67  9:45  Marine  
  78  9:50  Marine  
  79  10:01  Marine x3  
  79  10:02  Marine  
  83  10:07  Starport Tech Lab  
  83  10:12  Terran Infantry Weapons Level 3, Barracks  
  83  10:13  SCV  
  84  10:16  SCV  
  84  10:19  Orbital Command  
  85  10:31  Marine x4  
  89  10:47  Barracks  
  87  11:23  Terran Infantry Armor Level 3  
  87  11:25  SCV x2  
  89  11:28  Barracks Reactor  
  89  11:37  Marine  
  89  11:38  Marine x2  
  92  11:40  Barracks Reactor  
  92  11:42  Thor  
  98  11:49  Supply Depot, SCV x2  
  98  11:51  Supply Depot  
  98  11:54  Supply Depot  
  100  11:55  Corvid Reactor, Supply Depot  
  100  12:00  Supply Depot  
  100  12:02  Liberator x2  
  100  12:06  Supply Depot x2  
  100  12:07  Raven, Supply Depot x2  
  102  12:08  Marine  
  102  12:09  Orbital Command, Marine x4  
  102  12:10  Marine  
  102  12:11  Marauder  
  116  12:28  Thor  
  119  12:57  Marine  
  119  12:58  Marine x8  
  88  13:08  Viking  
  88  13:15  Marine  
  88  13:16  Marine x6  
  94  13:28  Marine  
  94  13:29  Marine  
  94  13:30  Medivac  
  90  13:53  Marine  
  90  13:54  Marine x8  
  96  14:07  Raven  
  98  14:11  Marine x4  
  91  14:54  Marine  
  91  14:55  Marine x8  
  91  14:56  Siege Tank x2  
  104  15:12  Marine x6  
  104  15:13  Marine x3  
  109  15:30  Marine x5  
  112  15:39  Medivac x2  
  112  15:40  Medivac  
  112  15:41  Thor x2  
  130  16:05  Marine x9  
  139  16:12  Raven, Medivac  
  139  16:13  Medivac  
  145  16:22  Marine  
  145  16:23  Marine x3  
  149  16:30  Marine x5  
  154  16:33  Siege Tank x2  
  160  16:40  Refinery x2  
  160  17:02  Raven, Medivac  
  160  17:03  Marine x3, Medivac  
  160  17:04  Marine x6  
  160  17:07  Command Center  
  175  17:21  Marine x3  
  169  17:56  Marine  
  169  17:57  Marine x8  
  176  17:58  Thor  
  176  18:00  Raven, Medivac  
  186  18:14  Marine x2  
  186  18:15  Marine  
  186  18:18  Marine x2  
  191  18:22  Supply Depot  
  191  18:24  Supply Depot  
  191  18:25  Supply Depot  
  191  18:37  Thor  
  191  18:38  Marine  
  191  18:39  Marine x2  
  200  20:19  Command Center x2  
  200  21:01  Orbital Command  
Show
View Real Time Build Order
Export as new Build Order

Hyperion Protoss 

Build Orders: Carriers 

Get SALT Encoding   

  12  0:02  Probe  
  13  0:18  Pylon  
  13  0:22  Probe  
  14  0:34  Probe  
  15  0:45  Forge  
  15  0:49  Probe  
  16  1:02  Probe  
  17  1:14  Probe  
  18  1:21  Photon Cannon  
  18  1:25  Probe  
  19  1:33  Probe  
  19  1:34  Pylon  
  20  1:42  Probe  
  21  1:48  Nexus  
  21  1:58  Probe  
  21  2:07  Probe  
  22  2:13  Assimilator  
  23  2:18  Assimilator  
  23  2:19  Probe  
  24  2:29  Photon Cannon  
  24  2:32  Probe  
  25  2:38  Pylon  
  25  2:49  Pylon  
  25  2:58  Pylon  
  25  2:59  Probe  
  25  3:00  Photon Cannon  
  26  3:07  Probe  
  26  3:08  Probe  
  27  3:13  Photon Cannon  
  27  3:18  Photon Cannon  
  27  3:20  Probe  
  27  3:21  Probe  
  29  3:29  Probe  
  29  3:31  Assimilator  
  29  3:32  Probe  
  31  3:37  Assimilator  
  31  3:41  Gateway  
  31  3:44  Probe  
  31  3:47  Probe  
  33  3:56  Probe  
  33  3:59  Probe  
  35  4:07  Probe  
  36  4:11  Probe  
  36  4:15  Probe  
  37  4:24  Photon Cannon  
  38  4:25  Probe, Pylon  
  39  4:33  Probe  
  39  4:34  Cybernetics Core  
  39  4:35  Probe  
  40  4:43  Probe  
  41  4:51  Pylon  
  42  4:54  Probe  
  43  5:03  Probe  
  43  5:06  Probe  
  45  5:18  Stargate, Probe  
  45  5:20  Stargate  
  46  5:22  Probe  
  46  5:23  Stargate  
  46  5:26  Stargate  
  47  5:28  Protoss Air Armor Level 1  
  47  5:30  Probe  
  47  5:32  Shield Battery  
  47  5:34  Probe, Pylon  
  49  5:46  Probe  
  45  6:08  Void Ray x3  
  57  6:11  Photon Cannon  
  57  6:15  Photon Cannon  
  57  6:18  Photon Cannon  
  57  6:20  Probe  
  58  6:26  Void Ray  
  58  6:32  Probe  
  63  6:40  Probe  
  63  6:41  Fleet Beacon  
  64  7:05  Nexus  
  64  7:13  Nexus, Void Ray  
  64  7:20  Void Ray  
  64  7:25  Probe  
  73  7:33  Probe  
  74  7:38  Carrier  
  74  7:45  Probe  
  81  7:52  Void Ray  
  81  7:53  Probe  
  81  7:56  Probe  
  87  8:04  Probe  
  87  8:05  Probe  
  88  8:12  Probe  
  89  8:14  Probe  
  89  8:16  Pylon  
  89  8:18  Pylon  
  91  8:20  Assimilator  
  91  8:22  Probe  
  91  8:25  Assimilator  
  92  8:28  Carrier  
  92  8:32  Probe  
  98  8:35  Protoss Air Weapons Level 1  
  98  8:39  Probe  
  98  8:41  Shield Battery  
  99  8:42  Shield Battery  
  99  8:44  Probe, Shield Battery  
  99  8:47  Probe  
  101  8:53  Photon Cannon  
  102  8:57  Photon Cannon  
  102  9:00  Probe  
  103  9:04  Photon Cannon  
  103  9:06  Void Ray  
  103  9:08  Carrier  
  113  9:12  Probe  
  113  9:13  Probe  
  113  9:16  Assimilator  
  115  9:20  Assimilator  
  115  9:25  Probe x2  
  115  9:27  Pylon  
  115  9:40  Probe  
  115  9:41  Carrier  
  115  9:43  Carrier  
  128  9:49  Probe  
  128  9:51  Photon Cannon  
  128  9:52  Photon Cannon  
  128  9:53  Probe  
  128  9:55  Photon Cannon  
  128  9:58  Photon Cannon  
  130  10:05  Probe  
  131  10:07  Photon Cannon  
  131  10:09  Probe  
  131  10:13  Pylon  
  132  10:16  Pylon  
  132  10:17  Probe  
  132  10:18  Pylon  
  133  10:27  Probe, Pylon x2  
  134  10:29  Pylon  
  134  10:34  Carrier x2  
  146  10:40  Probe  
  146  10:41  Pylon x2  
  147  10:43  Pylon  
  147  10:47  Stargate x2  
  147  10:52  Stargate, Probe  
  148  11:14  Photon Cannon  
  148  11:15  Photon Cannon  
  148  11:17  Photon Cannon  
  148  11:20  Photon Cannon x2  
  148  11:22  Void Ray x2  
  148  11:23  Pylon  
  156  11:27  Shield Battery  
  156  11:29  Photon Cannon  
  156  11:45  Photon Cannon  
  156  11:47  Photon Cannon  
  156  11:49  Pylon  
  156  11:54  Void Ray x3  
  160  11:58  Probe  
  169  12:10  Probe  
  170  12:21  Photon Cannon  
  170  12:22  Photon Cannon  
  170  12:23  Photon Cannon  
  170  12:25  Protoss Air Armor Level 2  
  176  12:37  Carrier x2  
  168  13:32  Void Ray x4  
  137  14:05  Void Ray  
  89  15:01  Stargate x2  
  89  15:04  Stargate  
  89  15:06  Stargate x2  
  79  15:09  Nexus  
  73  15:17  Probe  
  74  15:25  Probe  
  74  15:28  Shield Battery  
  61  15:35  Probe  
  55  15:46  Void Ray x2  
  55  15:47  Probe, Void Ray  
  55  15:49  Void Ray x2  
  66  15:59  Probe  
  65  16:26  Pylon  
  65  16:28  Pylon  
  65  16:29  Pylon, Void Ray  
  42  20:02  Nexus  
  42  20:03  Pylon  
  42  20:04  Pylon  
  42  20:06  Pylon  
  42  20:07  Pylon  
  2  21:05  Assimilator  
  1  22:44  Nexus  
Show
View Real Time Build Order
Export as new Build Order

Wickman Protoss 

Build Orders: Carriers 

Get SALT Encoding   

  12  0:01  Probe  
  13  0:11  Probe  
  14  0:22  Probe  
  14  0:26  Pylon  
  15  0:43  Assimilator  
  15  0:44  Probe  
  15  0:48  Assimilator  
  16  0:56  Probe  
  17  1:03  Gateway  
  17  1:05  Probe  
  18  1:13  Probe  
  19  1:23  Probe  
  20  1:28  Pylon  
  20  1:35  Probe  
  21  1:47  Probe  
  21  1:53  Cybernetics Core  
  22  1:58  Probe  
  23  2:06  Probe  
  23  2:14  Probe  
  25  2:25  Probe  
  26  2:33  Stargate  
  26  2:36  Stargate  
  26  2:38  Probe  
  26  2:39  Stargate  
  26  2:44  Pylon  
  27  3:06  Pylon  
  27  3:18  Void Ray  
  31  3:30  Void Ray  
  35  3:48  Void Ray  
  35  3:53  Void Ray  
  43  4:13  Void Ray  
  47  4:17  Pylon  
  47  4:28  Void Ray  
  51  4:45  Pylon  
  55  5:04  Pylon  
  55  5:20  Protoss Air Weapons Level 1  
  51  5:26  Void Ray  
  55  5:56  Void Ray  
  55  6:28  Void Ray  
  55  6:40  Nexus  
  35  7:10  Void Ray x2  
  43  7:29  Protoss Air Armor Level 1  
  27  8:35  Probe  
  28  8:43  Probe  
  29  8:53  Probe  
  30  9:05  Probe  
  31  9:13  Probe  
  31  9:19  Assimilator  
  31  9:21  Probe  
  31  9:24  Assimilator  
  32  9:30  Nexus  
  33  9:31  Nexus  
  33  9:32  Probe  
  33  9:34  Assimilator  
  34  9:39  Assimilator  
  34  9:43  Pylon  
  34  9:44  Probe  
  35  9:46  Pylon  
  35  9:50  Cybernetics Core  
  35  9:55  Probe  
  36  10:03  Probe  
  36  10:11  Probe  
  36  10:14  Stargate  
  37  10:17  Stargate  
  37  10:20  Stargate  
  38  10:23  Stargate, Probe  
  38  10:28  Stargate  
  39  10:33  Stargate  
  39  10:35  Probe  
  40  10:40  Assimilator  
  40  10:41  Probe  
  40  10:45  Assimilator  
  40  10:49  Probe x2  
  43  10:59  Probe  
  43  11:01  Probe  
  45  11:10  Probe  
  45  11:11  Probe  
  45  11:18  Probe  
  47  11:21  Fleet Beacon  
  47  11:23  Probe  
  49  11:28  Probe  
  50  11:35  Probe  
  50  11:36  Pylon  
  51  11:40  Probe, Pylon  
  51  11:42  Pylon  
  51  11:46  Pylon  
  52  11:47  Probe  
  53  11:55  Phoenix x4  
  53  11:58  Phoenix  
  53  11:59  Probe  
  63  12:06  Probe  
  63  12:07  Probe  
  64  12:11  Probe  
  64  12:14  Probe  
  67  12:16  Probe  
  67  12:19  Probe  
  69  12:24  Protoss Air Weapons Level 2, Probe  
  69  12:26  Protoss Air Armor Level 2  
  69  12:28  Probe  
  78  12:37  Carrier  
  78  12:40  Probe  
  85  12:52  Probe  
  86  13:02  Carrier x3  
  86  13:12  Carrier  
  104  13:14  Probe  
  105  13:22  Probe  
  106  13:32  Probe  
  106  13:36  Carrier  
  119  13:41  Carrier  
  119  13:44  Probe  
  120  13:56  Probe  
  120  14:02  Stargate  
  121  14:09  Stargate, Carrier x2  
  139  14:10  Carrier  
  139  14:28  Pylon  
  139  14:31  Pylon  
  139  14:33  Pylon  
  139  14:45  Shield Battery  
  139  14:46  Carrier  
  145  15:00  Shield Battery x2  
  145  15:07  Shield Battery  
  145  15:18  Carrier x3  
  163  16:11  Pylon  
  163  16:13  Pylon  
  163  16:15  Pylon  
  163  16:17  Pylon  
  163  16:20  Pylon  
  163  16:25  Pylon  
  163  16:27  Pylon  
  163  16:29  Carrier  
  163  16:30  Pylon  
  163  16:31  Carrier  
  163  16:32  Pylon  
  175  16:33  Carrier x2  
  175  16:36  Carrier  
  175  16:38  Carrier, Pylon  
  37  22:09  Pylon  
  37  22:11  Pylon  
  37  22:19  Nexus  
Show
View Real Time Build Order
Export as new Build Order

Jorgito Protoss 

Build Orders:  

Get SALT Encoding   

  12  0:21  Probe  
  12  0:27  Pylon  
  13  0:29  Probe, Assimilator  
  13  0:32  Assimilator  
  14  0:37  Probe  
  15  0:48  Gateway  
  15  0:52  Probe  
  16  1:00  Probe  
  17  1:08  Probe  
  17  1:18  Probe  
  18  1:25  Pylon  
  19  1:30  Probe  
  20  1:37  Cybernetics Core  
  20  1:42  Probe  
  21  1:53  Warp Gate  
  21  1:54  Probe  
  21  1:57  Zealot  
  24  2:06  Probe  
  25  2:29  Nexus  
  25  2:32  Probe  
  26  2:44  Probe  
  27  2:52  Stalker  
  27  2:56  Probe  
  30  3:08  Probe  
  30  3:11  Shield Battery  
  31  3:18  Gateway  
  31  3:21  Gateway  
  31  3:34  Pylon  
  31  3:40  Probe  
  32  3:44  Stalker, Probe  
  35  3:52  Probe  
  35  3:53  Probe  
  35  3:55  Shield Battery  
  36  3:58  Assimilator  
  37  4:05  Probe  
  37  4:08  Stalker  
  37  4:09  Probe  
  42  4:17  Probe  
  42  4:21  Probe  
  42  4:22  Stalker  
  45  4:24  Zealot  
  45  4:29  Probe  
  48  4:32  Robotics Facility  
  48  4:35  Pylon  
  48  4:36  Probe  
  49  4:41  Probe, Assimilator  
  49  4:43  Pylon  
  49  4:44  Probe  
  50  4:49  Probe  
  51  4:57  Forge  
  51  4:58  Probe x2  
  52  5:02  Pylon  
  54  5:10  Probe  
  54  5:11  Probe  
  54  5:13  Observer  
  56  5:15  Stalker  
  56  5:16  Stalker  
  61  5:25  Zealot  
  63  5:31  Observer  
  63  5:35  Gateway  
  64  5:38  Gateway, Pylon  
  64  5:45  Stalker  
  64  5:46  Stalker  
  64  5:47  Zealot  
  70  6:10  Stalker x3  
  71  6:31  Zealot  
  70  6:45  Protoss Ground Weapons Level 1  
  70  6:47  Twilight Council  
  70  6:49  Pylon  
  70  6:54  Zealot x3  
  70  6:55  Zealot x2  
  70  6:59  Immortal  
  70  7:00  Gateway  
  80  7:03  Pylon  
  80  7:06  Pylon  
  84  7:15  Stalker  
  84  7:16  Stalker x4  
  94  7:26  Pylon  
  94  7:27  Pylon  
  94  7:49  Nexus  
  94  7:52  Assimilator  
  94  7:56  Assimilator  
  94  7:57  Pylon  
  94  8:00  Pylon  
  94  8:01  Immortal  
  94  8:06  Templar Archives  
  94  8:08  Pylon  
  98  8:27  Charge  
  98  8:43  High Templar x3  
  98  8:44  High Templar x3, Protoss Shields Level 1  
  98  8:47  Archon  
  98  8:48  Archon x2  
  110  9:03  Gateway  
  110  9:04  Pylon  
  110  9:07  Pylon  
  110  9:18  High Templar  
  110  9:19  High Templar x3  
  110  9:22  Zealot x2  
  122  9:24  Archon x2  
  122  9:38  Warp Prism  
  124  9:58  Blink  
  124  10:01  Probe  
  125  10:08  Probe x2  
  125  10:09  Probe  
  128  10:17  Immortal  
  128  10:19  High Templar x3  
  128  10:20  Probe x3, High Templar  
  142  10:21  Zealot  
  142  10:22  Zealot x2  
  142  10:24  Archon x2  
  133  10:57  Zealot x7  
  68  11:18  Protoss Ground Weapons Level 2  
  68  11:24  Stalker x5  
  68  11:25  Stalker x2  
  80  11:35  Forge  
  80  11:36  Pylon  
  80  11:39  Pylon  
  80  11:44  Shield Battery  
  80  11:48  High Templar x5  
  80  11:50  Zealot x2  
  80  11:53  Archon x2  
  94  11:56  Psionic Storm  
  94  12:04  Gateway  
  94  12:07  Pylon  
  94  12:34  High Templar x2  
  94  12:35  High Templar  
  100  12:39  Zealot x4  
  100  12:41  Nexus  
  100  12:43  Assimilator  
  108  12:48  Assimilator  
  108  12:49  Pylon  
  98  12:52  Pylon  
  70  13:02  Zealot x4  
  70  13:03  Zealot  
  52  13:15  Zealot x3  
  58  13:24  Stalker  
  58  13:25  Stalker x4  
  38  13:49  High Templar  
  38  13:50  High Templar x5  
  38  13:52  Zealot x2  
  38  13:54  Archon x2  
  38  13:55  Archon  
  15  15:08  Probe  
  16  15:16  Probe  
  17  15:26  Probe  
  18  15:38  Probe  
  17  15:50  Probe  
Tags
 
Add a new tag
Caveats
  • Supply blocks, unpowered buildings, or Contaminate may cause inaccurate times.
  • Supply counts are checked every 10 seconds.